 Dungeon Crawl Stone Soup version 0.31.0-11-ge490571c62 (webtiles) character file.

Game seed: 8130123906387340710

163 Ashen the Sneak (level 5, -2/37 HPs)
             Began as a Gnoll Enchanter on Feb 2, 2024.
             Slain by a gnoll
             ... wielding a +0 spear
              (5 damage)
             ... on level 3 of the Dungeon.
             The game lasted 00:05:42 (2926 turns).

Ashen the Sneak (Gnoll Enchanter)                   Turns: 2926, Time: 00:05:43

Health: -2/37      AC:  4    Str:  7    XL:     5   Next: 44%
Magic:  5/12       EV: 14    Int: 20    God:
Gold:   83         SH:  0    Dex: 15    Spells: 3/14 levels left

rFire   + . .        h - +2 dagger (vamp)
rCold   . . .        (no shield)
rNeg    . . .        b - +0 robe
rPois   .            (no helmet)
rElec   .            (no cloak)
rCorr   .            (no gloves)
SInv    .            o - +1 pair of boots
Will    .....        (no amulet)
Stlth   +++          n - +6 ring of intelligence
HPRegen 0.26/turn    l - ring of protection from fire
MPRegen 0.13/turn

%: no passive effects
@: no status effects
A: fangs 1, strong nose, distributed training
a: no special abilities


You were on level 3 of the Dungeon.
You visited 1 branch of the dungeon, and saw 3 of its levels.

You collected 83 gold pieces.

Inventory:

Hand Weapons
 a - a +1 dagger
 h - a +2 vampiric dagger (weapon)
Missiles
 i - 5 poisoned darts (quivered)
Armour
 b - a +0 robe (worn)
 o - a +1 pair of boots (worn)
Jewellery
 l - a ring of protection from fire (right hand)
 n - a +6 ring of intelligence (left hand)
Scrolls
 e - 2 scrolls of noise {unknown}
 f - a scroll of immolation {unknown}
 g - a scroll of identify {unknown}
 m - a scroll of enchant armour {unknown}
Potions
 c - 2 potions of invisibility
 d - 2 potions of lignification {unknown}
 j - 2 potions of curing {unknown}
 k - a potion of brilliance {unknown}
 p - a potion of degeneration {unknown}
 q - 2 potions of heal wounds {unknown}


   Skills:
 + Level 1.5 Fighting
 + Level 3.0 Short Blades
 + Level 1.5 Long Blades
 + Level 1.5 Axes
 + Level 1.5 Maces & Flails
 + Level 1.5 Polearms
 + Level 1.5 Staves
 + Level 1.5 Ranged Weapons
 + Level 1.5 Throwing
 + Level 1.5 Armour
 + Level 4.8 Dodging
 + Level 6.1 Stealth
 + Level 1.5 Shields
 + Level 1.5 Unarmed Combat
 + Level 5.2 Spellcasting
 + Level 1.2 Conjurations
 + Level 5.5 Hexes
 + Level 1.2 Summonings
 + Level 1.2 Necromancy
 + Level 1.2 Translocations
 + Level 1.2 Fire Magic
 + Level 1.2 Ice Magic
 + Level 1.2 Air Magic
 + Level 1.2 Earth Magic
 + Level 1.2 Alchemy
 + Level 1.7 Invocations
 + Level 1.5 Evocations
 + Level 1.4 Shapeshifting


You had 3 spell levels left.
You knew the following spells:

 Your Spells              Type           Power      Damage    Failure   Level
a - Ensorcelled Hibernat  Hex/Ice        36%        N/A       4%          2
b - Confusing Touch       Hex            27%        N/A       3%          3
c - Tukima's Dance        Hex            27%        N/A       3%          3
d - Dazzling Flash        Conj/Hex       36%        N/A       9%          3

Your spell library contained the following spells:

 Spells                   Type           Power      Damage    Failure   Level
 Summon Ice Beast         Ice/Summ       10%        N/A       21%         3
 Summon Mana Viper        Hex/Summ       18%        N/A       61%         5
 Monstrous Menagerie      Summ           5%         N/A       100%        7


Dungeon Overview and Level Annotations

Branches:
Dungeon (3/15)

Altars:

Shops:
D:1 ***=


Innate Abilities, Weirdness & Mutations

You have very sharp teeth.
Your uncanny sense of smell can sniff out nearby items.
Your experience applies equally to all skills.


Message History

You closely miss the gnoll. The gnoll barely misses you.
The gnoll hits you with a +0 spear.
You hit the gnoll but do no damage. The gnoll completely misses you.
The gnoll misses you.
You hit the gnoll.
You feel better.
The gnoll is lightly wounded.
The gnoll is no longer blind.
The gnoll completely misses you. The gnoll hits you with a +0 spear.
Casting: Dazzling Flash (dangerous; 9% risk of failure)
Confirm with . or Enter, or press ? or * to list all spells.
Casting: Dazzling Flash (dangerous; 9% risk of failure)
Press: ? - help, Dir - look around, f - activate The gnoll is dazzled.
The gnoll hits you with a +0 halberd. The gnoll closely misses you.
You hit the gnoll but do no damage. The gnoll hits you with a +0 spear.
The gnoll hits you but does no damage.
You hit the gnoll. Your bite misses the gnoll.
The gnoll is lightly wounded.
You closely miss the gnoll.
The gnoll is lightly wounded.
The gnoll hits you with a +0 halberd. The gnoll closely misses you.
You hit the gnoll.
You feel better.
The gnoll is moderately wounded.
The gnoll hits you with a +0 halberd. The gnoll closely misses you.
You completely miss the gnoll.
The gnoll is moderately wounded.
The gnoll hits you with a +0 halberd!
* * * LOW HITPOINT WARNING * * *
The gnoll closely misses you.
You barely miss the gnoll.
The gnoll is moderately wounded.
The gnoll misses you. The gnoll closely misses you.
You barely miss the gnoll. You bite the gnoll, but do no damage.
The gnoll is moderately wounded.
You hit the gnoll.
The gnoll is heavily wounded.
The gnoll is no longer blind.
The gnoll hits you with a +0 halberd.
* * * LOW HITPOINT WARNING * * *
The gnoll hits you with a +0 spear.
You die...

∆∆∆ ∆.... ## .... .#
... .# .. .#
####.##### ## #####∆∆
####......... #
#...#####....gg......
####.#.#........@..♣
..(..#.#.......)...♣
######.#...........♣
######.#####'P#....♣
.......#####...####♣
................##.♣
.......####..PP....♣
...)...# ###......♣
.......# #......♣


P You could see 2 gnolls.

Vanquished Creatures
  A phantom (D:3)
  2 gnolls (D:3)
  2 ribbon worms (D:2)
  A dart slug (D:1)
  A bat (D:1)
  6 endoplasms
  2 giant cockroaches
  8 goblins
  3 hobgoblins
  4 jackals (D:3)
  11 kobolds
  6 quokkas
  5 ball pythons
  3 frilled lizards
  A rat (D:1)
56 creatures vanquished.

Notes
Turn   | Place    | Note
-------+----------+-------------------------------------------
     0 | D:1      | Ashen the Gnoll Enchanter began the quest for the Orb.
     0 | D:1      | Reached XP level 1. HP: 13/13 MP: 6/6
    75 | D:1      | Found Kepp's Jewellery Shoppe.
   225 | D:1      | Reached XP level 2. HP: 17/19 MP: 7/7
   234 | D:1      | Learned a level 2 spell: Ensorcelled Hibernation
   411 | D:1      | Found Yrorch's General Store.
   512 | D:1      | Found Roanuohe's Assorted Antiques.
   515 | D:1      | Found Wuusinet's Assorted Antiques.
   537 | D:1      | Reached skill level 5 in Spellcasting
   537 | D:1      | Reached XP level 3. HP: 25/25 MP: 7/9
   778 | D:1      | Reached skill level 6 in Stealth
  1130 | D:2      | Reached skill level 1 in Invocations
  1358 | D:2      | Reached skill level 1 in Fighting
  1358 | D:2      | Reached skill level 1 in Long Blades
  1358 | D:2      | Reached skill level 1 in Axes
  1358 | D:2      | Reached skill level 1 in Maces & Flails
  1358 | D:2      | Reached skill level 1 in Polearms
  1358 | D:2      | Reached skill level 1 in Staves
  1358 | D:2      | Reached skill level 1 in Ranged Weapons
  1358 | D:2      | Reached skill level 1 in Throwing
  1358 | D:2      | Reached skill level 1 in Armour
  1358 | D:2      | Reached skill level 1 in Shields
  1358 | D:2      | Reached skill level 1 in Unarmed Combat
  1358 | D:2      | Reached skill level 1 in Evocations
  1826 | D:2      | Reached skill level 1 in Shapeshifting
  1826 | D:2      | Reached XP level 4. HP: 32/32 MP: 1/11
  2321 | D:3      | Noticed a phantom
  2367 | D:2      | Learned a level 3 spell: Confusing Touch
  2371 | D:2      | Learned a level 3 spell: Tukima's Dance
  2375 | D:2      | Learned a level 3 spell: Dazzling Flash
  2415 | D:3      | Killed a phantom
  2416 | D:3      | Reached skill level 1 in Conjurations
  2416 | D:3      | Reached skill level 1 in Summonings
  2416 | D:3      | Reached skill level 1 in Necromancy
  2416 | D:3      | Reached skill level 1 in Translocations
  2416 | D:3      | Reached skill level 1 in Fire Magic
  2416 | D:3      | Reached skill level 1 in Ice Magic
  2416 | D:3      | Reached skill level 1 in Air Magic
  2416 | D:3      | Reached skill level 1 in Earth Magic
  2416 | D:3      | Reached skill level 1 in Alchemy
  2416 | D:3      | Reached XP level 5. HP: 15/37 MP: 9/12
  2744 | D:3      | Found a faded altar of an unknown god.
  2926 | D:3      | Slain by a gnoll

Illustrated notes

Levels and vault maps discovered:
D:1:      amcnicky_arrival_flooded_fountain, layout_loops_corners, serial_shops,
          nicolae_shop_hallway_plus, shop, nicolae_shop_gaudy_bauble, shop
D:2:      layout_basic
D:3:      minmay_bubble_buster, layout_basic, nicolae_overflow_ecumenical_swirl,
          mainiacjoe_overflow_boulevard, serial_forest,
          infiniplex_forest_straight_3, infiniplex_forest_straight_5,
          infiniplex_forest_clump_large, infiniplex_forest_lined_corner,
          infiniplex_forest_clump_long, infiniplex_forest_clump_tiny,
          hellmonk_ecumenical_altar_heavens_door, minmay_misc_feat_tiny

Skill      XL: |  1  2  3  4  5 |
---------------+----------------+-----
Spellcasting   | 5 |  5.2
Stealth        | 6 |  6.1
Invocations    | 1 |  1.7
Fighting       | 1 |  1.5
Long Blades    | 1 |  1.5
Axes           | 1 |  1.5
Maces & Flails | 1 |  1.5
Polearms       | 1 |  1.5
Staves         | 1 |  1.5
Ranged Weapons | 1 |  1.5
Throwing       | 1 |  1.5
Armour         | 1 |  1.5
Shields        | 1 |  1.5
Unarmed Combat | 1 |  1.5
Evocations     | 1 |  1.5
Shapeshifting  | 1 |  1.4
Conjurations   | 1 |  1.2
Summonings     | 1 |  1.2
Necromancy     | 1 |  1.2
Translocations | 1 |  1.2
Fire Magic     | 1 |  1.2
Ice Magic      | 1 |  1.2
Air Magic      | 1 |  1.2
Earth Magic    | 1 |  1.2
Alchemy        | 1 |  1.2
Short Blades   | 3 |  3.0
Dodging        | |  4.8
Hexes          | |  5.5

Action                     |  1- 3 |  4- 6 || total
---------------------------+-------+-------++-------
  Melee: Dagger            |   117 |    61 ||   178
         Bite              |     7 |     6 ||    13
         Punch             |     1 |       ||     1
   Cast: Ensorcelled Hiber |    18 |    15 ||    33
         Confusing Touch   |       |     2 ||     2
         Dazzling Flash    |       |     2 ||     2
   Stab: Sleeping          |    25 |     7 ||    32
         Confused          |       |     1 ||     1
         Invisible         |       |     1 ||     1
 Armour: Robe              |    45 |    29 ||    74
  Dodge: Dodged            |    56 |    51 ||   107
